 Dungeon Crawl Stone Soup version 0.29-a0-559-g359e09b (webtiles) character file.

Game seed: 8496752140745765898

216 BingusPrime the Ruffian (level 5, -2/42 HPs)
             Began as a Draconian Transmuter on June 10, 2022.
             Shot with an arrow by a centaur (4 damage)
             ... on level 5 of the Dungeon.
             The game lasted 00:18:57 (4318 turns).

BingusPrime the Ruffian (Draconian Transmuter)      Turns: 4318, Time: 00:18:57

Health: -2/42      AC:  6    Str: 14    XL:     5   Next: 61%
Magic:  9/9        EV: 12    Int: 14    God:
Gold:   180        SH:  0    Dex: 11    Spells: 7/10 levels left

rFire   . . .      SeeInvis .     - Unarmed
rCold   . . .      Faith    .   (no shield)
rNeg    . . .      Spirit   .   (body armour unavailable)
rPois   .          Reflect  .   (helmet restricted)
rElec   .          Harm     .   (no cloak)
rCorr   .          Rampage  .   (no gloves)
Will    .....                   r - +0 pair of boots
Stlth   +.........              (no amulet)
HPRegen 0.14/turn               (no ring)
MPRegen 0.11/turn               (no ring)

@: slowed, very slow
A: AC +5, unfitting armour, cold-blooded
a: no special abilities


You were on level 5 of the Dungeon.
You visited 1 branch of the dungeon, and saw 5 of its levels.

You collected 180 gold pieces.

Inventory:

Missiles
 f - 10 poisoned darts (quivered)
Armour
 r - a +0 pair of boots (worn)
Magical Staves
 h - a staff of air
Jewellery
 p - a ring of fire
Wands
 m - a wand of mindburst (20)
Scrolls
 b - 2 scrolls of teleportation
 c - a scroll of silence {unknown}
 d - a scroll of blinking
 i - a scroll of enchant armour
 l - a scroll of magic mapping {unknown}
 n - a scroll of fog {unknown}
 o - a scroll of noise {unknown}
 s - a scroll of identify
 u - a scroll of torment {unknown}
Potions
 a - 3 potions of lignification
 g - 4 potions of curing
 j - a potion of cancellation {unknown}
 k - 3 potions of attraction
 q - a potion of invisibility {unknown}
 t - a potion of degeneration {unknown}


   Skills:
 + Level 2.3 Fighting
 + Level 2.4 Dodging
 * Level 4.0 Unarmed Combat
 * Level 3.1 Spellcasting
 * Level 3.4 Transmutations


You had 7 spell levels left.
You knew the following spells:

 Your Spells              Type           Power      Damage    Failure   Level
a - Beastly Appendage     Tmut           22%        N/A       4%          1
b - Wereblood             Tmut           11%        N/A       8%          2

Your spell library contained the following spells:

 Spells                   Type           Power      Damage    Failure   Level
 Spider Form              Tmut/Pois      7%         N/A       30%         3
 Ensorcelled Hibernation  Hex/Ice        4%         N/A       32%         2
 Ice Form                 Ice/Tmut       7%         N/A       71%         4
 Anguish                  Hex/Necr       1%         N/A       91%         4


Dungeon Overview and Level Annotations

Branches:
Dungeon (5/15)
 Temple: D:4-7

Altars:
Ashenzari
Fedhas
Xom
Lugonu

Portals:
Abyss: D:5


Innate Abilities, Weirdness & Mutations

Your plain brown scales are hard. (AC +5)
You cannot fit into any form of body armour.
You are cold-blooded and may be slowed by cold attacks.


Message History

Casting: Beastly Appendage (safe; 4% risk of failure)
Confirm with . or Enter, or press ? or * to list all spells.
Okay, then.
Throw: 11 darts (poison)
Press: ? - help, Q - select action, (/) - cycle Shift-Dir - straight line, f - centaur
Aim: a centaur, wielding a +0 shortbow of freezing (68% to hit)
You throw a poisoned dart. The poisoned dart hits the centaur.
The centaur shoots an arrow.
The arrow barely misses you.
The centaur shoots an arrow.
The arrow hits you.
You feel as though you will be slow longer.
The arrow freezes you.
Unknown command.
The centaur shoots an arrow.
The arrow hits you. The arrow freezes you.
Okay, then.
You feel yourself speed up.
The centaur shoots an arrow.
The arrow closely misses you.
Casting: Beastly Appendage (safe; 4% risk of failure)
Confirm with . or Enter, or press ? or * to list all spells.
Okay, then.
The centaur shoots an arrow.
The arrow hits you.
* * * LOW HITPOINT WARNING * * *
The arrow freezes you.
* * * LOW HITPOINT WARNING * * *
You feel better.
The centaur shoots an arrow.
The arrow hits you!
* * * LOW HITPOINT WARNING * * *
The arrow freezes you.
* * * LOW HITPOINT WARNING * * *
It was a potion of heal wounds.
You feel much better.
The centaur shoots an arrow.
The arrow barely misses you.
The centaur shoots an arrow.
The arrow hits you!
You feel yourself slow down. The arrow freezes you.
You hear a bark!
A hound comes into view.
The hound moves out of view.
You feel yourself speed up.
The hound barks!
The centaur shoots an arrow.
The arrow hits you!
* * * LOW HITPOINT WARNING * * *
You feel yourself slow down. The arrow freezes you.
You die...

#.#..## .[.......(..##
##...# ...[......c..#
.##..## #............#
.##...# #.........c.#
.#....## #.......>..#
#####..# .........#
##.## #......## ##.##
##########......#
#..###....@....ch..###
##......############
#.####### ##.# #.##
##.# #.## ##.# ##.##


You could see a centaur and a hound.

Vanquished Creatures
  Terence (D:2)
  2 orc wizards (D:3)
  3 adders
  3 dart slugs
  8 orcs
  4 bats
  13 endoplasms
  5 giant cockroaches
  7 goblins
  11 hobgoblins
  9 jackals
  3 quokkas
  6 ball pythons
  2 frilled lizards
  9 kobolds
  4 rats
90 creatures vanquished.

Vanquished Creatures (others)
  A lurking horror (D:5)
1 creature vanquished.

Grand Total: 91 creatures vanquished

Notes
Turn   | Place    | Note
-------+----------+-------------------------------------------
     0 | D:1      | BingusPrime the Draconian Transmuter began the quest for
                  | the Orb.
     0 | D:1      | Reached XP level 1. HP: 16/16 MP: 3/3
   144 | D:1      | Found a faded altar of an unknown god.
   243 | D:1      | Reached XP level 2. HP: 23/23 MP: 3/5
   616 | D:1      | Reached XP level 3. HP: 14/28 MP: 6/6
  1480 | D:2      | Noticed Terence
  1496 | D:2      | Killed Terence
  1497 | D:2      | Reached XP level 4. HP: 9/36 MP: 5/7
  2560 | D:3      | Reached XP level 5. HP: 19/41 MP: 9/9
  2731 | D:3      | Found a blossoming altar of Fedhas.
  2781 | D:3      | Found a shimmering altar of Xom.
  3202 | D:3      | Reached skill level 4 in Unarmed Combat
  3550 | D:4      | Found a broken altar of Ashenzari.
  3708 | D:4      | Learned a level 2 spell: Wereblood
  3933 | D:5      | Entered Level 5 of the Dungeon
  4017 | D:5      | Found a corrupted altar of Lugonu.
  4017 | D:5      | Found a one-way gate to the infinite horrors of the Abyss.
  4308 | D:5      | Noticed a centaur
  4318 | D:5      | HP: 2/42 [centaur/arrow (11)]
  4318 | D:5      | Shot with an arrow by a centaur

Illustrated notes

Levels and vault maps discovered:
D:1:      lightli_iron_boxes, layout_loops_corners,
          hellmonk_ecumenical_altar_blasted
D:2:      layout_basic, uniq_terence
D:3:      layout_rooms, brannock_xom_greatest_gift, fedhas_altar_3,
          minmay_quantized
D:4:      layout_cave_pools, old_standard_altar,
          hangedman_abyss_or_decor_jellyfish_corner,
          corexii_item_surrounded_by_moat, lemuel_old_faithful
D:5:      layout_cave_pods, mainiacjoe_overflow_catwalk,
          amcnicky_altar_lugonu_corruption, uniq_ijyb

Skill      XL: |  1  2  3  4  5 |
---------------+----------------+-----
Dodging        | 2 |  2.4
Transmutations | 3 |  3.4
Fighting       | 2 |  2.3
Spellcasting   | 3 |  3.1
Unarmed Combat | 4 |  4.0

Action                   |  1- 3 |  4- 6 || total
-------------------------+-------+-------++-------
Melee: Unarmed           |   101 |   135 ||   236
       Tailslap          |    11 |    10 ||    21
       Kick              |    19 |    30 ||    49
       Punch             |     3 |       ||     3
       Headbutt          |    11 |    10 ||    21
Throw: Dart              |       |    74 ||    74
 Cast: Beastly Appendage |    23 |    31 ||    54
  Use: Scroll            |       |     5 ||     5
       Potion            |       |     2 ||     2
 Stab: Distracted        |       |     1 ||     1
Armor: Skin              |    26 |    36 ||    62
Dodge: Dodged            |    53 |    71 ||   124

Table legend: (Time is in decaauts)
 A = Elapsed time spent in this place.
 B = Non-inter-level travel time spent in this place.
 C = Inter-level travel time spent in this place.
 D = Time resting spent in this place.
 E = Time spent auto-exploring this place.
 F = Levels seen in this place.
 G = Mean time per level.
                   A        B        C        D        E       F      G
               +--------+--------+--------+--------+--------+-----+--------+
         Total |   4309 |   4121 |    188 |    586 |   2851 |   5 |  861.8 |
       Dungeon |   4309 |   4121 |    188 |    586 |   2851 |   5 |  861.8 |
               +--------+--------+--------+--------+--------+-----+--------+

Top non-repeatable levels by time:
     D:1: 1492 daAuts
     D:3: 969 daAuts
     D:2: 878 daAuts
     D:4: 581 daAuts
     D:5: 387 daAuts
